 Dungeon Crawl Stone Soup version 0.27.0-1-g7a089689b8 (webtiles) character file.

Game seed: 17627389864117115503

2484 inmateoo the Cleaver (level 9, 0/85 HPs)
             Began as a Deep Dwarf Fighter on Aug 13, 2021.
             Slain by a hornet (5 damage)
             ... on level 8 of the Dungeon.
             The game lasted 00:05:19 (6680 turns).

inmateoo the Cleaver (Deep Dwarf Fighter)           Turns: 6680, Time: 00:05:20

Health: 0/85       AC: 11    Str: 22    XL:     9   Next: 27%
Magic:  0/0        EV:  6    Int: 10    God:
Gold:   397        SH: 10    Dex: 12    Spells: 8/8 levels left

rFire    . . .     SeeInvis .   a - +1 war axe
rCold    . . .     Faith    .   c - +0 kite shield
rNeg     + . .     Spirit   .   l - +0 chain mail
rPois    .         Reflect  .   f - +0 helmet
rElec    .         Harm     .   (no cloak)
rCorr    .         Rampage  .   (no gloves)
Will     +....                  (no boots)
Stlth    ..........             n - amulet of magic regeneration
HPRegen  0.00/turn              o - ring of positive energy
MPRegen  0.32/turn              (no ring)

@: mighty, slowed, very slow
A: damage resistance, heal wounds, sense surroundings 2, no regeneration
a: Heal Wounds


You were on level 8 of the Dungeon.
You visited 2 branches of the dungeon, and saw 9 of its levels.

You collected 397 gold pieces.

Inventory:

Hand Weapons
 a - a +1 war axe (weapon)
Armour
 c - a +0 kite shield (worn)
 f - a +0 helmet (worn)
 l - a +0 chain mail (worn)
Jewellery
 n - an amulet of magic regeneration (around neck)
 o - a ring of positive energy (left hand)
Wands
 i - a wand of flame (38)
Scrolls
 j - a scroll of teleportation
 m - 2 scrolls of amnesia
 p - a scroll of fog
 r - a scroll of fear {unknown}
Potions
 b - a potion of degeneration {unknown}
 d - 3 potions of might
 e - 2 potions of heal wounds {unknown}
 h - a potion of magic {unknown}
 k - 2 potions of brilliance
 q - a potion of flight {unknown}


   Skills:
 + Level 6.6 Fighting
 * Level 9.6 Axes
 - Level 6.0 Armour
 - Level 6.0 Shields


You had 8 spell levels left.
You didn't know any spells.
Your spell library contained the following spells:

 Spells                   Type           Power      Damage    Failure   Level
 Freeze                   Ice            0%         1d3       100%        1
 Pain                     Necr           0%         1d4       100%        1
 Dazzling Flash           Conj/Hex       0%         N/A       100%        3
 Frozen Ramparts          Ice            0%         1d2       100%        3
 Ignite Poison            Fire/Tmut/Pois 0%         N/A       100%        3
 Mephitic Cloud           Conj/Pois/Air  0%         N/A       100%        3
 Hailstorm                Conj/Ice       0%         3d3       100%        4
 Iskenderun's Mystic Bla  Conj/Tloc      0%         2d3       100%        4
 Agony                    Necr           0%         N/A       100%        5
 Bolt of Magma            Conj/Fire/Erth 0%         4d4       100%        5
 Excruciating Wounds      Necr           0%         N/A       100%        5
 Starburst                Conj/Fire      0%         8x6d3     100%        6


Dungeon Overview and Level Annotations

Branches:
Dungeon (8/15)             Temple (1/1) D:6
   Lair: D:8-11

Altars:
Ashenzari
Dithmenos
Elyvilon
Fedhas
Gozag
Hepliaklqana
Kikubaaqudgha
Makhleb
Nemelex Xobeh
Okawaru
Qazlal
Ru
Sif Muna
Trog
Wu Jian
Xom
Yredelemnul
Zin

Annotations:
D:6 2 transporters


Innate Abilities, Weirdness & Mutations

You are resistant to damage.
You can heal yourself by infusing magical energy.
You passively map the area around you.
You do not regenerate.


Message History

Aim: a hornet (52% to hit)
The puff of flame hits the hornet.
The hornet is lightly wounded.
The hornet closely misses you. You block the hornet's attack.
Aiming: Throw Flame
Press: ? - help, Shift-Dir - straight line, f/p - hornet
Aim: a hornet (lightly wounded, 52% to hit)
The puff of flame hits the hornet.
The hornet is moderately wounded.
You block the hornet's attack. The hornet completely misses you.
Aiming: Throw Flame
Press: ? - help, Shift-Dir - straight line, f/p - hornet
Aim: a hornet (moderately wounded, 52% to hit)
The puff of flame hits the hornet.
The hornet is moderately wounded.
The hornet stings you!
* * * LOW HITPOINT WARNING * * *
You are more poisoned.
You feel as though you will be slow longer.
You block the hornet's attack. The hornet stings you!
* * * LOW HITPOINT WARNING * * *
You feel as though you will be slow longer.
Aiming: Throw Flame
Press: ? - help, Shift-Dir - straight line, f/p - hornet
Aim: a hornet (moderately wounded, 52% to hit)
The puff of flame misses the hornet.
The hornet stings you!
* * * LOW HITPOINT WARNING * * *
You are more poisoned.
You feel as though you will be slow longer.
You block the hornet's attack.
You feel better. You block the hornet's attack. The hornet stings you!
* * * LOW HITPOINT WARNING * * *
You feel as though you will be slow longer.
You feel very mighty all of a sudden.
The hornet stings you but does no damage. x2
You block the hornet's attack.
Your shield and chain mail prevent you from hitting the hornet.
The hornet is moderately wounded.
The hornet stings you!
You die...

##.....####
.#.###.#..########
.'.#...#...<..)..#
.'.#._.#..######.#
.'.#...##.#### #.#
##.###.#.....# #.#
.#.....##.##.# #.#
########..##.# #y#######
#.####..##.###@.......
###.##............######
..........##.###.## *,*
###.##.#.###.#...## *
#.##.#.##>..##..# *
#..#.#)...#.....#
##.#.###....#...#
#.#.##.#..#...## *
####.#.#.###.##..# *,


You could see a hornet.

Vanquished Creatures
  A manticore (D:6)
  Sigmund (D:2)
  A steam dragon (D:7)
  A sky beast (D:7)
  An orc warrior (D:5)
  2 centaurs (D:8)
  Blork the orc (D:4)
  2 bullfrogs (D:6)
  2 scorpions (D:5)
  A water moccasin zombie (D:6)
  2 howler monkeys (D:8)
  A hound (D:5)
  4 orc priests
  4 jellies
  2 bullfrog skeletons
  4 iguanas
  A gnoll shaman (D:2)
  Natasha (thrice) (D:4)
  A scorpion zombie (D:5)
  2 orc wizards
  A hound skeleton (D:3)
  Robin (D:3)
  16 gnolls
  4 adders
  2 white imps (D:7)
  A worm (D:2)
  22 orcs
  7 bats
  2 endoplasms
  5 giant cockroaches
  17 goblins
  5 hobgoblins
  3 jackals (D:1)
  7 kobolds
  4 quokkas
  8 ball pythons
  A frilled lizard (D:1)
  7 rats
150 creatures vanquished.

Vanquished Creatures (others)
  A centaur (D:7)
1 creature vanquished.

Grand Total: 151 creatures vanquished

Notes
Turn   | Place    | Note
-------+----------+-------------------------------------------
     0 | D:1      | inmateoo the Deep Dwarf Fighter began the quest for the
                  | Orb.
     0 | D:1      | Reached XP level 1. HP: 20/20 MP: 1/1
     2 | D:1      | Noticed a felid
     2 | D:1      | Noticed an elf
     4 | D:1      | Noticed a formicid
     4 | D:1      | Noticed a spriggan
     6 | D:1      | Noticed a demonspawn
     8 | D:1      | Noticed a human
     8 | D:1      | Noticed a vine stalker
    10 | D:1      | Noticed a minotaur
    13 | D:1      | Noticed a gargoyle
    13 | D:1      | Noticed a draconian
    15 | D:1      | Noticed a dwarf
    15 | D:1      | Noticed a merfolk
    17 | D:1      | Noticed a palentonga
    17 | D:1      | Noticed a vampire
    19 | D:1      | Noticed a naga
    19 | D:1      | Noticed a ghoul
    21 | D:1      | Noticed a tengu
    21 | D:1      | Noticed a barachi
    23 | D:1      | Noticed an ogre
    25 | D:1      | Noticed a djinni
    25 | D:1      | Noticed an octopode
    27 | D:1      | Noticed a demigod
    27 | D:1      | Noticed a troll
   176 | D:1      | Reached XP level 2. HP: 24/27 MP: 2/2
   384 | D:1      | Found a faded altar of an unknown god.
   483 | D:1      | Reached skill level 3 in Axes
   485 | D:1      | Reached XP level 3. HP: 22/33 MP: 3/3
   992 | D:2      | Noticed Sigmund
  1022 | D:2      | Killed Sigmund
  1023 | D:2      | Reached skill level 4 in Axes
  1023 | D:2      | Reached XP level 4. HP: 37/42 MP: 3/3
  1023 | D:2      | Reached XP level 5. HP: 43/49 MP: 4/4
  1742 | D:3      | Noticed Robin
  1793 | D:2      | Reached XP level 6. HP: 36/56 MP: 5/5
  1856 | D:3      | Killed Robin
  2003 | D:3      | Reached skill level 5 in Axes
  2499 | D:4      | Reached XP level 7. HP: 49/64 MP: 4/4
  2508 | D:4      | Noticed Blork the orc
  2518 | D:4      | Killed Blork the orc
  2519 | D:4      | Reached skill level 5 in Armour
  2519 | D:4      | Reached skill level 5 in Shields
  2713 | D:4      | Noticed Natasha
  2721 | D:4      | Killed Natasha
  3086 | D:4      | Noticed Natasha
  3102 | D:4      | Killed Natasha
  3173 | D:4      | Noticed Natasha
  3179 | D:4      | Killed Natasha
  3379 | D:5      | Entered Level 5 of the Dungeon
  3403 | D:5      | Reached skill level 6 in Axes
  4062 | D:6      | Reached XP level 8. HP: 44/73 MP: 3/3
  4077 | D:6      | Reached skill level 7 in Axes
  4110 | D:6      | Noticed a manticore
  4145 | D:6      | Killed a manticore
  4146 | D:6      | Reached skill level 5 in Fighting
  4229 | D:5      | Reached skill level 8 in Axes
  4442 | D:6      | Found a transporter.
  4446 | D:6      | Noticed a kobold demonologist
  4448 | D:6      | Found a transporter.
  4486 | D:6      | Found a shimmering blue altar of Sif Muna.
  4617 | D:6      | Found a staircase to the Ecumenical Temple.
  4727 | D:6      | Found a sacrificial altar of Ru.
  4814 | Temple   | Entered the Ecumenical Temple
  5245 | D:7      | Gained mutation: You passively map the area around you.
                  | [Deep Dwarf growth]
  5245 | D:7      | Reached XP level 9. HP: 40/82 MP: 1/1
  5765 | D:7      | Reached skill level 9 in Axes
  6186 | D:8      | Found a white marble altar of Elyvilon.
  6433 | D:8      | Found a sparkling altar of Nemelex Xobeh.
  6656 | D:8      | Paralysed by a hornet for 3 turns
  6665 | D:8      | Paralysed by a hornet for 3 turns
  6677 | D:8      | HP: 4/85 [hornet (7)]
  6680 | D:8      | Slain by a hornet

Illustrated notes

Levels and vault maps discovered:
D:1:      kb_arrival_jail, layout_loops_ring, ebering_ecumenical_altar_webs
D:2:      layout_loops_corners, uniq_sigmund
D:3:      minmay_door_path, layout_rooms, minmay_box_of_dots, uniq_robin
D:4:      layout_layer_cave, uniq_natasha, uniq_blork_the_orc
D:5:      layout_loops_ring
D:6:      layout_cave_pools, lemuel_doored_altar,
          gammafunk_temple_overflow_arena, minmay_temple_entry_fiery
D:7:      layout_basic
D:8:      layout_loops_ring, elyvilon_altar_4, mainiacjoe_overflow_alcove_4,
          mainiacjoe_overflow_divided_tiny, minmay_misc_feat_nine_boxes
Temple:   dpeg_chambers_temple

Skill      XL: |  1  2  3  4  5  6  7  8  9 |
---------------+----------------------------+-----
Axes           | 3 4 5 6 8 9 |  9.6
Fighting       | 3 4 6 |  6.6
Armour         | 4 5 6 |  6.0
Shields        | 4 5 6 |  6.0

Action                   |  1- 3 |  4- 6 |  7- 9 || total
-------------------------+-------+-------+-------++-------
Melee: War axe           |   113 |   161 |   253 ||   527
 Abil: Heal Wounds       |     4 |     7 |    17 ||    28
Evoke: Wand              |       |       |     8 ||     8
  Use: Scroll            |       |     5 |     6 ||    11
       Potion            |       |       |     6 ||     6
Armor: Scale mail        |    40 |   109 |    16 ||   165
       Chain mail        |       |       |   139 ||   139
Dodge: Dodged            |    40 |    77 |    90 ||   207
Block: Kite shield       |    55 |   131 |   189 ||   375
